 Dungeon Crawl Stone Soup version 0.29.1-1-gd02db6906a (webtiles) character file.

Game seed: 4940954052477388185

8 Kold the Trooper (level 2, 18/24 HPs)
             Began as a Demonspawn Cinder Acolyte on Oct 19, 2022.
             Was a High Priest of Ignis.
             Quit the game on level 1 of the Dungeon.
             The game lasted 00:00:12 (369 turns).

Kold the Trooper (Demonspawn Cinder Acolyte)         Turns: 369, Time: 00:00:13

Health: 18/24      AC:  2    Str: 14    XL:     2   Next: 0%
Magic:  3/3        EV: 11    Int: 15    God:    Ignis [*****.]
Gold:   0          SH:  0    Dex:  8    Spells: 3/3 levels left

rFire   + . .      SeeInvis .     - Unarmed
rCold   . . .      Faith    .   (no shield)
rNeg    . . .      Spirit   .   a - +0 robe
rPois   .          Reflect  .   (no helmet)
rElec   .          Harm     .   (no cloak)
rCorr   .          Rampage  .   (no gloves)
Will    .....                   (no boots)
Stlth   +.........              (no amulet)
HPRegen 0.08/turn               (no ring)
MPRegen 0.08/turn               (no ring)

@: no status effects
A: demonic touch 1
a: Renounce Religion, Fiery Armour, Foxfire Swarm, Rising Flame


You were on level 1 of the Dungeon.
You worshipped Ignis.
Ignis was extremely pleased with you.
You visited 1 branch of the dungeon, and saw 1 of its levels.

Inventory:

Armour
 a - a +0 robe (worn)
Scrolls
 b - a scroll of vulnerability {unknown}
Potions
 c - a potion of degeneration {unknown}


   Skills:
 + Level 3.1 Fighting
 + Level 2.8 Unarmed Combat
 + Level 1.2 Spellcasting
 + Level 2.8 Fire Magic


You had 3 spell levels left.
You didn't know any spells.
Your spell library contained the following spells:

 Spells                   Type           Power      Damage    Failure   Level
 Scorch                   Fire           18%        2d5       12%         2


Dungeon Overview and Level Annotations

Branches:
Dungeon (1/15)

Altars:


Innate Abilities, Weirdness & Mutations

Your touch may inflict minor irresistible damage on your foes.


Message History

You barely miss the endoplasm.
The endoplasm is heavily wounded.
The endoplasm barely misses you.
You hit the endoplasm.
You kill the endoplasm!
No target in view!
No target in view!
You see here a bat corpse.
A quokka comes into view.
The quokka closely misses you.
A quokka is nearby!
A quokka is nearby!
You barely miss the quokka. The quokka closely misses you.
You closely miss the quokka. The quokka barely misses you.
You hit the quokka.
You kill the quokka!
No target in view!
c - a bubbling white potion A kobold comes into view.
It is wielding a +1 dagger of holy wrath.
The kobold moves out of view.
No target in view!
No target in view!
No target in view!
No target in view!
The kobold throws a stone.
The stone hits you but does no damage.
Found a bone ring.
The kobold hits you but does no damage.
You completely miss the kobold. The kobold hits you but does no damage.
You closely miss the kobold.
The kobold hits you with a +1 dagger of holy wrath.
You convulse.
You miss the kobold. You punch the kobold.
The kobold is severely wounded.
The kobold hits you with a +1 dagger of holy wrath.
You convulse.
You hit the kobold.
You kill the kobold!
You have reached level 2!
Your demonic ancestry asserts itself...
Your hands begin to faintly glow with unholy energy.
Are you sure you want to abandon this character and quit the game? (Confirm with "yes".)

#### #####
#.... ...#
#...##.###
#...)@...#
#...##.#.#
=.... #.#.#
#.## #.#.# #
#.#.#
#####.#.#
......#.#####
#........#
#.##.###.#


There were no monsters in sight!

Vanquished Creatures
  A bat (D:1)
  An endoplasm (D:1)
  A hobgoblin (D:1)
  A quokka (D:1)
  A ball python (D:1)
  2 kobolds (D:1)
7 creatures vanquished.

Notes
Turn   | Place    | Note
-------+----------+-------------------------------------------
     0 | D:1      | Kold the Demonspawn Cinder Acolyte began the quest for the
                  | Orb.
     0 | D:1      | Reached XP level 1. HP: 18/18 MP: 2/2
   369 | D:1      | Gained mutation: Your touch may inflict minor irresistible
                  | damage on your foes. [demonic ancestry]
   369 | D:1      | Reached XP level 2. HP: 18/24 MP: 3/3
   369 | D:1      | Quit the game

Illustrated notes

Levels and vault maps discovered:
D:1:      onia_arrival_mini_spirals, layout_loops_corners,
          chequers_serial_rivers_room_b, hangedman_decor_clover_reticule,
          st_stairs_12

Action                   || total
-------------------------++-------
Melee: Unarmed           ||    28
       Punch             ||     1
Armor: Robe              ||     5
Dodge: Dodged            ||    12
